 Dungeon Crawl Stone Soup version 0.23.2-1-ga50397a6bc (webtiles) character file.

Game seed: 11932126375590503391

35 Mrkan the Chopper (level 3, -2/33 HPs)
             Began as a Hill Orc Monk on May 14, 2019.
             Slain by an adder (4 damage)
             ... on level 2 of the Dungeon.
             The game lasted 00:01:30 (766 turns).

Mrkan the Chopper (Hill Orc Monk)                    Turns: 766, Time: 00:01:30

Health: -2/33      AC:  2    Str: 14    XL:     3   Next: 35%
Magic:  3/3        EV: 13    Int: 10    God:
Gold:   53         SH:  0    Dex: 13    Spells: 2/2 levels left

rFire    . . .     SeeInvis .   a - +0 hand axe
rCold    . . .     Gourm    .   (no shield)
rNeg     . . .     Faith    .   b - +0 robe
rPois    .         Spirit   .   (no helmet)
rElec    .         Reflect  .   (no cloak)
rCorr    .         Harm     .   (no gloves)
MR       .....                  (no boots)
Stlth    ++........             (no amulet)
HPRegen  0.11/turn              (no ring)
MPRegen  0.08/turn              (no ring)

@: lethally poisoned (-2 -> -7)
A: no striking features
a: no special abilities


You were on level 2 of the Dungeon.
You were not hungry.

You visited 1 branch of the dungeon, and saw 2 of its levels.

You collected 53 gold pieces.

Inventory:

Hand Weapons
 a - a +0 hand axe (weapon)
Armour
 b - a +0 robe (worn)
Scrolls
 d - a scroll of magic mapping {unknown}
 e - 2 scrolls of remove curse {unknown}
 f - a scroll of blinking {unknown}
 h - a scroll of enchant armour {unknown}
 i - a scroll of identify {unknown}
Potions
 g - a potion of curing {unknown}
Comestibles
 c - 7 rations


   Skills:
 + Level 4.0 Fighting
 * Level 5.0 Axes
 + Level 1.3 Armour
 - Level 2.4 Dodging
 - Level 1.5 Stealth


You had 2 spell levels left.
You didn't know any spells.
Your spell library was empty.

Dungeon Overview and Level Annotations

Branches:
Dungeon (2/15)

Altars:


Message History

You hit the adder.
The adder is heavily wounded.
* * * LOW HITPOINT WARNING * * *
You feel sick. The adder bites you but does no damage.
You hit the adder.
The adder is severely wounded.
The adder misses you.
You closely miss the adder.
The adder is severely wounded.
* * * LOW HITPOINT WARNING * * *
You feel sick. The adder barely misses you. The adder bites you.
* * * LOW HITPOINT WARNING * * *
You barely miss the adder.
The adder is severely wounded.
The adder misses you.
You hit the adder.
The adder is severely wounded.
* * * LOW HITPOINT WARNING * * *
You feel sick. The adder bites you.
You die...

#......# #.# # #......#
#$##.# ###......# #).#.#
.........# #....#
....###### #...## #.###
#.#.# #.# #.#... #.#
#####S###.# #.# #....@#
... ..## ##.##### #..
...#### #..# #.
.#....#####.###########
........##..###........
..##.....†.)....#######
#...#...#.#....##
......#....###..#######.#
###....##...###...).†...#


You could see an adder.

Vanquished Creatures
  A worm (D:2)
  A dart slug (D:1)
  A leopard gecko (D:1)
  A ball python (D:1)
  3 giant cockroaches
  4 goblins
  4 hobgoblins (D:1)
  A quokka (D:2)
  3 bats
  6 frilled lizards (D:1)
  3 rats (D:1)
28 creatures vanquished.

Notes
Turn   | Place    | Note
-------+----------+-------------------------------------------
     0 | D:1      | Mrkan the Hill Orc Monk began the quest for the Orb.
     0 | D:1      | Reached XP level 1. HP: 19/19 MP: 1/1
     2 | D:1      | Noticed an ogre
     2 | D:1      | Noticed a minotaur
     4 | D:1      | Noticed a troll
     4 | D:1      | Noticed a vampire
     7 | D:1      | Noticed a halfling
     7 | D:1      | Noticed a vine stalker
     9 | D:1      | Noticed an octopode
     9 | D:1      | Noticed a naga
    11 | D:1      | Noticed a human
    11 | D:1      | Noticed a ghoul
    13 | D:1      | Noticed a demonspawn
    13 | D:1      | Noticed a tengu
    15 | D:1      | Noticed a merfolk
    15 | D:1      | Noticed a demigod
    17 | D:1      | Noticed a formicid
    17 | D:1      | Noticed a dwarf
    19 | D:1      | Noticed a felid
    21 | D:1      | Noticed an elf
    25 | D:1      | Noticed a draconian
    25 | D:1      | Noticed a spriggan
    27 | D:1      | Noticed a gargoyle
    27 | D:1      | Noticed a centaur
    59 | D:1      | Reached XP level 2. HP: 27/27 MP: 2/2
   146 | D:1      | Reached skill level 1 in Armour
   390 | D:1      | Reached XP level 3. HP: 31/33 MP: 3/3
   686 | D:2      | Reached skill level 5 in Axes
   766 | D:2      | Slain by an adder

Skill      XL: |  1  2  3 |
---------------+----------+-----
Armour         | 1 |  1.3
Fighting       | 4 |  4.0
Axes           | 5 |  5.0
Dodging        | |  2.4
Stealth        | |  1.5

Action                   || total
-------------------------++-------
Melee: Hand axe          ||   112
Armor: Robe              ||    22
Dodge: Dodged            ||    85
